Unix NetHack Version 5.0.0-0 post-release - last build May  4 2026 22:22:43 (774f63e81ad911689b3a0859ea89b322d5daca8d,branch:main).

Game began 2026-05-06 09:07:33, ended 2026-05-06 10:10:46.

2467827priya, neutral female human Healer

                    ------------
                    ..e.....%...
                    |d@f.......|
                    |..........-
                    ------------

2467827priya the Empiric     St:10 Dx:9 Co:16 In:8 Wi:15 Ch:17  Neutral
Dlvl:4  $:1852 HP:0(22) Pw:18(18) AC:8  Xp:3 T:1836 

Latest messages:
 The kitten bites!
 It bites the kitten.
 The kitten is killed!
 You swap places with your kitten.
 What do you want to eat? [lFN or ?*] N
 This lichen corpse tastes okay.
 You finish eating the lichen corpse.
 What do you want to eat? [lF or ?*] F
 Blecch!  Rotten food!
 You finish eating the pancake.
 What do you want to eat? [l or ?*] l
 Core dumped.
 The kitten bites it.
 The kitten bites it.
 It misses the kitten.
 You swap places with your kitten.
 You miss the iguana.
 You hit the iguana.
 The kitten bites the iguana.
 The iguana is killed!
 You attack thin air.
 You hear some noises.
 The door resists!
 The door opens.
 Where do you want to travel to?
 (For instructions type a '?')
 Move cursor to the desired destination:
 You swap places with your kitten.
 You descend the stairs.
 You hit the floating eye.
 You are frozen by the floating eye's gaze!
 The kitten misses the floating eye.
 The kitten is frozen by the floating eye's gaze!
 The fox bites!
 The fox bites!
 The fox bites!
 The fox bites!
 The fox bites!
 The fox bites!
 The fox bites!
 The fox bites!
 The fox bites!
 The fox bites!
 The fox bites!
 You die...
 Do you want your possessions identified? [ynq] (y) y
 Do you want to see your attributes? [ynq] (y) y
 Do you want an account of creatures vanquished? [ynaq] (y) y
 Do you want to see your conduct and achievements? [ynq] (y) y
 Do you want to see the dungeon overview? [ynq] (y) y

Inventory:
 Coins    ('$')
  $ - 1852 gold pieces
 Weapons  (')')
  x - 7 blessed +0 orcish arrows (in quiver)
 Armor    ('[')
  b - an uncursed +1 pair of leather gloves (being worn)
 Comestibles  ('%')
  l - 2 uncursed apples
 Scrolls  ('?')
  B - an uncursed scroll of create monster
  m - a cursed scroll of light
  H - an uncursed scroll of remove curse
 Spellbooks  ('+')
  j - a blessed spellbook of extra healing
  i - a blessed spellbook of healing
  J - an uncursed spellbook of sleep
  k - a blessed spellbook of stone to flesh
 Potions  ('!')
  f - a blessed potion of extra healing
  g - 3 uncursed potions of extra healing
  e - a blessed potion of healing
  d - an uncursed potion of healing
 Rings    ('=')
  I - an uncursed ring of protection from shape changers
 Wands    ('/')
  h - a wand of sleep (0:7)
 Tools    ('(')
  o - an uncursed magic whistle
  c - an uncursed stethoscope
  C - an uncursed tin whistle
 Boulders/Statues  ('`')
  D - an empty uncursed statue of a grid bug
  p - an empty uncursed statue of a newt

2467827priya the Healer's attributes:

Background:
 You were an Empiric, a level 3 female human Healer.
 You were neutral, nominally on a mission for Hermes
 who was opposed by Athena (lawful) and Poseidon (chaotic).
 You were left-handed.
 You were in the Dungeons of Doom, on level 4.
 You entered the dungeon 1836 turns ago.
 You had 48 experience points, 32 more were needed to attain level 4.

Basics:
 You had 0 out of 22 hit points.
 You had all 18 energy points (spell power).
 Your armor class was 8.
 Your wallet contained 1852 zorkmids.
 Autopickup was on for all types.

Final Characteristics:
 Your strength was 10 (limit:18/100).
 Your dexterity was 9 (limit:18).
 Your constitution was 16 (limit:18).
 Your intelligence was 8 (limit:18).
 Your wisdom was 15 (limit:18).
 Your charisma was 17 (limit:18).

Final Status:
 You weren't hungry.
 You were unencumbered.
 You were empty handed.
 You were unskilled in bare handed combat and could have enhanced that.

Final Attributes:
 You were fervently aligned.
 You were poison resistant.
 You are dead.

Miscellaneous:
 You didn't encounter any bones levels.
 Total elapsed playing time was 1 hour, 1 minute and 33 seconds.

Major events:
 Turn
    1: 2467827priya the neutral female human Healer entered the dungeon
 1415: attained the rank of Empiric (level 3)
 1836: killed by a fox, while frozen by a floating eye's gaze

Spells:
 Name                 Level Category     Fail Retention
 healing                1   healing        0%  91%-100%
 extra healing          3   healing        0%  91%-100%
 stone to flesh         3   healing       11%  91%-100%

Skills:
 Fighting Skills
   bare handed combat [Unskilled]
 Weapon Skills
   dagger             [Unskilled]
   knife              [Basic]
   short sword        [Unskilled]
   saber              [Unskilled]
   club               [Unskilled]
   mace               [Unskilled]
   quarterstaff       [Unskilled]
   polearms           [Unskilled]
   spear              [Unskilled]
   trident            [Unskilled]
   sling              [Unskilled]
   dart               [Unskilled]
   shuriken           [Unskilled]
   unicorn horn       [Unskilled]
 Spellcasting Skills
   healing spells     [Basic]

Voluntary challenges:
 Character rerolling was not enabled.
 You were an atheist.
 You never genocided any monsters.
 You never polymorphed an object.
 You never changed form.
 You used no wishes.
Achievements:
 You entered a shop.
 You attained the rank of Empiric.

 The Dungeons of Doom: levels 1 to 4
    Level 1:
       A fountain.
    Level 2:
       A bookstore.
    Level 3:
       An altar, a fountain.
    Level 4: <- You were here.
       Final resting place for
          you, killed by a fox, while frozen by a floating eye's gaze.


Vanquished creatures:
  a kitten
 an iguana
  a giant rat
  a yellow mold
  a red mold
  3 geckos
 12 jackals
  a goblin
  4 grid bugs
  5 lichens
  a kobold zombie
  7 newts
38 creatures vanquished.

No species were genocided or became extinct.

Game over:
                       ----------
                      /          \
                     /    REST    \
                    /      IN      \
                   /     PEACE      \
                  /                  \
                  |   2467827priya   |
                  |     1852 Au      |
                  | killed by a fox  |
                  |                  |
                  |                  |
                  |                  |
                  |       2026       |
                 *|     *  *  *      | *
        _________)/\\_//(\/(/\)/\//\/|_)_______

Goodbye 2467827priya the Healer...

You died in The Dungeons of Doom on dungeon level 4 with 375 points,
and 1852 pieces of gold, after 1836 moves.
You were level 3 with a maximum of 22 hit points when you died.

